 Dungeon Crawl Stone Soup version 0.23.0 (webtiles) character file.

Game seed: 8518728226066485678

660 dvd the Grave Robber (level 7, 0/47 HPs)
             Began as a Demonspawn Necromancer on Feb 16, 2019.
             Was an Initiate of Sif Muna.
             Slain by an ice beast (12 damage)
             ... on level 5 of the Dungeon.
             The game lasted 00:17:11 (5258 turns).

dvd the Grave Robber (Demonspawn Necromancer)       Turns: 5258, Time: 00:17:13

Health: 0/47       AC:  2    Str:  9    XL:     7   Next: 30%
Magic:  1/14       EV: 12    Int: 17    God:    Sif Muna [......]
Gold:   162        SH:  4    Dex: 14    Spells: 3/16 levels left

rFire    . . .     SeeInvis .   t - +0 falchion
rCold    . . .     Gourm    .   (no shield)
rNeg     . . .     Faith    .   a - +0 robe
rPois    .         Spirit   .   (no helmet)
rElec    .         Reflect  .   (no cloak)
rCorr    .         Harm     .   (no gloves)
MR       .....                  (no boots)
Stlth    ++........             (no amulet)
HPRegen  0.15/turn              (no ring)
MPRegen  0.14/turn              (no ring)

@: very slightly contaminated
A: claws 1, large bone plates 1, rot immunity
a: Renounce Religion


You were on level 5 of the Dungeon.
You worshipped Sif Muna.
Sif Muna was noncommittal.
You were hungry.

You visited 2 branches of the dungeon, and saw 6 of its levels.

You collected 162 gold pieces.

Inventory:

Hand Weapons
 d - a +0 dagger
 e - a +0 short sword
 r - a +0 vampiric whip
 t - a +0 falchion (weapon)
Armour
 a - a +0 robe (worn)
 f - a cursed +0 scale mail
Scrolls
 b - 3 scrolls of enchant armour {unknown}
 g - a scroll of enchant weapon {unknown}
 h - 2 scrolls of teleportation {unknown}
 i - 5 scrolls of magic mapping {unknown}
 j - 4 scrolls of fear {unknown}
 l - a scroll of remove curse {unknown}
 n - 4 scrolls of identify {unknown}
 s - a scroll of immolation {unknown}
 x - a scroll of holy word {unknown}
Potions
 k - a potion of curing
 m - 2 potions of agility {unknown}
 o - 2 potions of might
 p - a potion of flight {unknown}
 q - a potion of heal wounds {unknown}
 u - a potion of haste {unknown}
 w - a potion of berserk rage {unknown}
Comestibles
 c - 9 rations
 v - 3 chunks of flesh


   Skills:
 + Level 0.8 Fighting
 + Level 1.0(1.2) Short Blades
 + Level 1.0(1.2) Long Blades
 + Level 2.2 Dodging
 + Level 2.9 Stealth
 + Level 5.0 Spellcasting
 + Level 0.4 Charms
 + Level 6.8 Necromancy


You had 3 spell levels left.
You knew the following spells:

 Your Spells              Type           Power        Failure   Level  Hunger
a - Pain                  Necr           ####         1%          1    None
b - Vampiric Draining     Necr           ####......   2%          3    ###....
c - Regeneration          Chrm/Necr      ###.......   10%         3    ###....
d - Animate Dead          Necr           N/A          9%          4    ####...
e - Blink                 Tloc           N/A          22%         2    #......

Your spell library contained the following spells:

 Spells                   Type           Power        Failure   Level  Hunger
 Animate Skeleton         Necr           N/A          1%          1    None
 Confusing Touch          Hex            #.....       14%         1    None
 Magic Dart               Conj           #...         14%         1    None
 Call Imp                 Summ           #.......     22%         2    #......
 Slow                     Hex            #.......     22%         2    #......
 Confuse                  Hex            #.......     38%         3    ###....
 Conjure Flame            Conj/Fire      #.......     38%         3    ###....
 Gell's Gravitas          Tloc           #.........   38%         3    ###....
 Mephitic Cloud           Conj/Pois/Air  #.......     38%         3    ###....
 Petrify                  Tmut/Erth      #.......     80%         4    ####...
 Metabolic Englaciation   Hex/Ice        #.........   98%         5    ######.
 Yara's Violent Unravell  Hex/Tmut       #.........   98%         5    ######.


Dungeon Overview and Level Annotations

Branches:
Dungeon (5/15)             Temple (1/1) D:4

Altars:
Ashenzari
Cheibriados
Dithmenos
Elyvilon
Gozag
Hepliaklqana
Nemelex Xobeh
Okawaru
Qazlal
Ru
Sif Muna
Trog
Xom
The Shining One

Annotations:
D:3 3 runed translucent doors, buskinjo's ghost, amateur DsFi


Innate Abilities, Weirdness & Mutations

You have sharp fingernails.
You are partially covered in large bone plates. (SH +4)
You are immune to rotting.


Message History

Aiming: Vampiric Draining (safe; 2% risk of failure)
Press: ? - help, Shift-Dir - straight line, f/p - ice beast
Aim: an ice beast (heavily wounded)
You miscast Vampiric Draining.
You are very lightly contaminated with residual magic.
You sense a malignant aura.
The orc barely misses you. The ice beast hits you. The ice beast freezes you!
* * * LOW HITPOINT WARNING * * *
Casting: Vampiric Draining (safe; 2% risk of failure)
Confirm with . or Enter, or press ? or * to list all spells.
Aiming: Vampiric Draining (safe; 2% risk of failure)
Press: ? - help, Shift-Dir - straight line, f/p - ice beast
Aim: an ice beast (heavily wounded)
The ice beast is severely wounded.
You feel life coursing into your body.
You are feeling hungry.
You block the orc's attack. The ice beast hits you.
* * * LOW HITPOINT WARNING * * *
The ice beast freezes you!
You die...

§..........≈≈...#
§..........≈..#.##
.............##..###
.§...≈......####...#
#...≈.≈....## ###.##
.#.#####.### #..#
#.### ###...# ##..
...... #...### ##.
....... #@### #.
......#.#Y# #.
..(.....o.## #.
......###..#########
##.
.......###.........#
#.. #.o.)..........#
#..
......####.........#
#.. ..>..
#......(..# #.. ....
#.........# #..


You could see an ice beast and an orc.

Vanquished Creatures
  An ice beast (D:5)
  A scorpion (D:4)
  4 orc wizards
  2 hounds (D:4)
  A bullfrog skeleton (D:4)
  Natasha (D:2)
  Terence (D:2)
  A worker ant (D:3)
  4 gnolls (D:2)
  10 adders
  3 worms
  4 dart slugs
  5 leopard geckos
  7 orcs
  2 giant cockroaches
  7 hobgoblins
  13 kobolds
  3 quokkas (D:2)
  A ball python (D:5)
  3 bats
  2 frilled lizards
  6 goblins
  8 rats
90 creatures vanquished.

Vanquished Creatures (collateral kills)
  A hound (D:4)
1 creature vanquished.

Grand Total: 91 creatures vanquished

Notes
Turn   | Place    | Note
-------+----------+-------------------------------------------
     0 | D:1      | dvd the Demonspawn Necromancer began the quest for the Orb.
     0 | D:1      | Reached XP level 1. HP: 13/13 MP: 3/3
   435 | D:1      | Gained mutation: You have sharp fingernails. [demonic
                  | ancestry]
   435 | D:1      | Reached XP level 2. HP: 3/19 MP: 0/5
   983 | D:1      | Reached skill level 5 in Necromancy
  1201 | D:2      | Gained mutation: You are partially covered in large bone
                  | plates. (SH +4) [demonic ancestry]
  1201 | D:2      | Reached XP level 3. HP: 15/24 MP: 0/6
  1262 | D:2      | Learned a level 3 spell: Vampiric Draining
  1690 | D:2      | Reached XP level 4. HP: 23/30 MP: 0/8
  2017 | D:2      | Learned a level 3 spell: Regeneration
  2248 | D:2      | Noticed Terence
  2258 | D:2      | Killed Terence
  2258 | D:2      | Gained mutation: You are immune to rotting. [demonic
                  | ancestry]
  2258 | D:2      | Reached XP level 5. HP: 29/35 MP: 0/9
  2487 | D:2      | Noticed Natasha
  2501 | D:2      | Killed Natasha
  2501 | D:2      | Reached skill level 1 in Short Blades
  2964 | D:3      | Reached skill level 6 in Necromancy
  3068 | D:3      | Found a runed translucent gate.
  3068 | D:3      | Found a runed translucent gate.
  3068 | D:3      | Found a runed translucent gate.
  3073 | D:3      | Noticed buskinjo's ghost (amateur DsFi)
  3708 | D:4      | Learned a level 4 spell: Animate Dead
  3816 | D:4      | Reached XP level 6. HP: 21/41 MP: 3/12
  4356 | D:4      | Learned a level 2 spell: Blink
  4646 | D:4      | Found a staircase to the Ecumenical Temple.
  4671 | Temple   | Entered the Ecumenical Temple
  4768 | Temple   | Became a worshipper of Sif Muna the Loreminder
  4898 | D:5      | Entered Level 5 of the Dungeon
  4911 | D:5      | Noticed an ice beast
  4919 | D:5      | Noticed an ice beast
  4924 | D:5      | Killed an ice beast
  4924 | D:5      | Reached XP level 7. HP: 23/47 MP: 1/14
  5056 | D:4      | Reached skill level 1 in Long Blades
  5201 | D:5      | Reached skill level 5 in Spellcasting
  5258 | D:5      | Slain by an ice beast

Skill      XL: |  1  2  3  4  5  6  7 |
---------------+----------------------+-----
Necromancy     | 5 6 |  6.8
Stealth        | 2 |  2.9
Spellcasting   | 3 4 5 |  5.0
Short Blades   | 1 |  1.0
Dodging        | 2 |  2.2
Long Blades    | 1 |  1.0
Fighting       | |  0.8
Charms         | |  0.4

Action                   |  1- 3 |  4- 6 |  7- 9 || total
-------------------------+-------+-------+-------++-------
Melee: Short sword       |    13 |    45 |       ||    58
       Falchion          |       |    68 |     4 ||    72
 Cast: Pain              |    55 |    88 |     8 ||   151
       Vampiric Draining |     2 |    20 |     8 ||    30
       Regeneration      |       |     9 |     1 ||    10
       Animate Dead      |       |     2 |       ||     2
  Use: Potion            |     1 |       |       ||     1
 Stab: Sleeping          |     1 |     1 |     1 ||     3
  Eat: Chunk             |     3 |    14 |     1 ||    18
Armor: Robe              |     3 |    13 |     3 ||    19
Dodge: Dodged            |    19 |    89 |    18 ||   126
Block: Other             |       |    27 |     4 ||    31
       Rpst.: Falchion   |       |    10 |     2 ||    12
